 Dungeon Crawl Stone Soup version 0.27.0-1-g7a089689b8 (webtiles) character file.

Game seed: 731502472647185154

315 Anothat the Ducker (level 6, -1/51 HPs)
             Began as a Gnoll Wanderer on Aug 1, 2021.
             Splashed by a jelly's acid (6 damage)
             ... on level 4 of the Dungeon.
             The game lasted 00:08:03 (4951 turns).

Anothat the Ducker (Gnoll Wanderer)                 Turns: 4951, Time: 00:08:04

Health: -1/51      AC: -12   Str: 14    XL:     6   Next: 43%
Magic:  9/9        EV: 14    Int:  9    God:
Gold:   82         SH:  0    Dex: 13    Spells: 9/9 levels left

rFire    . . .     SeeInvis .   m - +0 short sword (speed)
rCold    . . .     Faith    .   (no shield)
rNeg     + . .     Spirit   .   l - +0 leather armour {rN+}
rPois    .         Reflect  .   (no helmet)
rElec    .         Harm     .   (no cloak)
rCorr    .         Rampage  .   (no gloves)
Will     .....                  (no boots)
Stlth    ++........             (no amulet)
HPRegen  0.17/turn              (no ring)
MPRegen  0.11/turn              (no ring)

@: corroded
A: fangs 1, strong nose, distributed training
a: no special abilities


You were on level 4 of the Dungeon.
You visited 1 branch of the dungeon, and saw 4 of its levels.

You collected 82 gold pieces.

Inventory:

Hand Weapons
 a - a +2 dagger
 c - a +0 falchion
 m - a +0 short sword of speed (weapon)
Armour
 e - a +0 robe
 l - a +0 leather armour of positive energy (worn)
Scrolls
 f - a scroll of enchant weapon {unknown}
 g - 2 scrolls of fog {unknown}
 i - a scroll of summoning {unknown}
 k - 2 scrolls of identify {unknown}
 n - a scroll of immolation {unknown}
 o - a scroll of teleportation {unknown}
 p - a scroll of fear {unknown}
Potions
 d - 3 potions of lignification
 h - 2 potions of flight {unknown}
 j - a potion of curing {unknown}


   Skills:
 + Level 5.0 Fighting
 + Level 2.0 Short Blades
 + Level 2.0 Long Blades
 + Level 2.0 Axes
 + Level 2.0 Maces & Flails
 + Level 2.0 Polearms
 + Level 3.2 Staves
 + Level 2.0 Slings
 + Level 2.0 Bows
 + Level 2.0 Crossbows
 + Level 2.0 Throwing
 + Level 2.0 Armour
 + Level 6.8 Dodging
 + Level 4.6 Stealth
 + Level 3.2 Shields
 + Level 2.0 Unarmed Combat
 + Level 2.0 Spellcasting
 + Level 1.5 Conjurations
 + Level 1.5 Hexes
 + Level 1.5 Summonings
 + Level 1.5 Necromancy
 + Level 1.5 Translocations
 + Level 1.5 Transmutations
 + Level 1.5 Fire Magic
 + Level 1.5 Ice Magic
 + Level 1.5 Air Magic
 + Level 1.5 Earth Magic
 + Level 1.5 Poison Magic
 + Level 2.1 Invocations
 + Level 3.2 Evocations


You had 9 spell levels left.
You didn't know any spells.
Your spell library contained the following spells:

 Spells                   Type           Power      Damage    Failure   Level
 Beastly Appendage        Tmut           6%         N/A       22%         1
 Slow                     Hex            3%         N/A       32%         2
 Wereblood                Tmut           3%         N/A       32%         2
 Confusing Touch          Hex            3%         N/A       54%         3
 Spider Form              Tmut/Pois      1%         N/A       54%         3
 Vampiric Draining        Necr           1%         2d6       54%         3
 Yara's Violent Unravell  Hex/Tmut       1%         3d3       99%         5


Dungeon Overview and Level Annotations

Branches:
Dungeon (4/15)
 Temple: D:4-7

Altars:
Qazlal
Wu Jian


Innate Abilities, Weirdness & Mutations

You have very sharp teeth.
Your uncanny sense of smell can sniff out nearby items.
Your experience applies equally to all skills.


Message History

Your Slings skill increases to level 2!
Your Bows skill increases to level 2!
Your Crossbows skill increases to level 2!
Your Throwing skill increases to level 2!
Your Armour skill increases to level 2!
Your Unarmed Combat skill increases to level 2!
Your Spellcasting skill increases to level 2!
You start resting.
Magic restored.
HP restored.
There is an escape hatch in the floor here.
A jelly comes into view.
A jelly is nearby!
You completely miss the jelly.
The jelly quivers.
The jelly closely misses you.
You hit the jelly. The acid corrodes you!
Your hands burn!
The jelly is lightly wounded.
The jelly hits you.
You are splashed with acid!
You hit the jelly.
Your hands burn!
The jelly is moderately wounded.
You completely miss the jelly.
The jelly is moderately wounded.
The jelly hits you. The acid corrodes you!
You are splashed with acid!
You are too injured to fight recklessly!
You hit the jelly but do no damage. The acid corrodes you!
Your hands burn!
The jelly is moderately wounded.
The jelly barely misses you.
You hit the jelly but do no damage.
Your hands burn!
The jelly is moderately wounded.
You hit the jelly but do no damage.
Your hands burn!
* * * LOW HITPOINT WARNING * * *
The jelly is moderately wounded.
The jelly hits you.
* * * LOW HITPOINT WARNING * * *
You are splashed with acid!
* * * LOW HITPOINT WARNING * * *
The jelly hits you.
* * * LOW HITPOINT WARNING * * *
The acid corrodes you!
You are splashed with acid.
You die...

######>....####
..............+
#######....####
#....# #..#.######
#.........#
#.#..####.##
#....####.J# #####
###..##...@#####....#
#..##.#.#.....# ∆
#..##.#.#.###.#
#..##.#.#...#.##
#.......###....#
..###....### ####
##.#...# #.###.#
#.....##


You could see a jelly.

Vanquished Creatures
  A black bear (D:4)
  A water moccasin zombie (D:4)
  4 gnolls (D:4)
  6 adders
  An adder skeleton (D:3)
  5 dart slugs (D:3)
  5 ball pythons
  6 endoplasms
  2 giant cockroaches (D:2)
  5 goblins
  3 hobgoblins
  8 jackals
  9 kobolds
  4 quokkas
  A bat (D:2)
  2 frilled lizards
  5 rats
68 creatures vanquished.

Notes
Turn   | Place    | Note
-------+----------+-------------------------------------------
     0 | D:1      | Anothat the Gnoll Wanderer began the quest for the Orb.
     0 | D:1      | Anothat set off with the following items: a +2 dagger, a
                  | potion of heal wounds, a +0 falchion, a potion of
                  | lignification, a +0 robe
     0 | D:1      | Reached XP level 1. HP: 20/20 MP: 1/1
   219 | D:1      | Reached XP level 2. HP: 5/26 MP: 2/2
   507 | D:1      | You fall into a shaft and drop 1 floor!
  1294 | D:1      | Reached XP level 3. HP: 30/31 MP: 3/3
  1836 | D:2      | Reached skill level 1 in Invocations
  2216 | D:2      | Reached skill level 1 in Short Blades
  2216 | D:2      | Reached skill level 1 in Long Blades
  2216 | D:2      | Reached skill level 1 in Axes
  2216 | D:2      | Reached skill level 1 in Maces & Flails
  2216 | D:2      | Reached skill level 1 in Polearms
  2216 | D:2      | Reached skill level 1 in Slings
  2216 | D:2      | Reached skill level 1 in Bows
  2216 | D:2      | Reached skill level 1 in Crossbows
  2216 | D:2      | Reached skill level 1 in Throwing
  2216 | D:2      | Reached skill level 1 in Armour
  2216 | D:2      | Reached skill level 1 in Unarmed Combat
  2216 | D:2      | Reached skill level 1 in Spellcasting
  2221 | D:2      | Reached XP level 4. HP: 22/38 MP: 5/5
  2872 | D:3      | Found a stormy altar of Qazlal.
  3353 | D:3      | Reached skill level 1 in Conjurations
  3353 | D:3      | Reached skill level 1 in Hexes
  3353 | D:3      | Reached skill level 1 in Summonings
  3353 | D:3      | Reached skill level 1 in Necromancy
  3353 | D:3      | Reached skill level 1 in Translocations
  3353 | D:3      | Reached skill level 1 in Transmutations
  3353 | D:3      | Reached skill level 1 in Fire Magic
  3353 | D:3      | Reached skill level 1 in Ice Magic
  3353 | D:3      | Reached skill level 1 in Air Magic
  3353 | D:3      | Reached skill level 1 in Earth Magic
  3353 | D:3      | Reached skill level 1 in Poison Magic
  3594 | D:3      | Reached XP level 5. HP: 30/43 MP: 6/6
  3995 | D:3      | Found a faded altar of an unknown god.
  4292 | D:4      | Found an ornate altar of the Wu Jian Council.
  4348 | D:4      | Noticed a black bear
  4370 | D:4      | Killed a black bear
  4455 | D:4      | Reached XP level 6. HP: 37/50 MP: 8/8
  4828 | D:4      | Reached skill level 5 in Fighting
  4951 | D:4      | Splashed by a jelly's acid

Illustrated notes

Levels and vault maps discovered:
D:1:      giann_forest_graveyard, layout_basic
D:2:      layout_loops_ring, grunt_decor_clamped, grunt_ministairs_5
D:3:      kennysheep_slugbush, layout_basic, nicolae_qazlal_scattered_showers,
          shapermc_ecumenical_altar_hornbeckon
D:4:      layout_loops_corners, lemuel_coloured_pillars_altar,
          mainiacjoe_overflow_swirl, overflow_temple_1_default

Skill      XL: |  1  2  3  4  5  6 |
---------------+-------------------+-----
Invocations    | 1 2 |  2.1
Short Blades   | 1 2 |  2.0
Long Blades    | 1 2 |  2.0
Axes           | 1 2 |  2.0
Maces & Flails | 1 2 |  2.0
Polearms       | 1 2 |  2.0
Slings         | 1 2 |  2.0
Bows           | 1 2 |  2.0
Crossbows      | 1 2 |  2.0
Throwing       | 1 2 |  2.0
Armour         | 1 2 |  2.0
Unarmed Combat | 1 2 |  2.0
Spellcasting   | 1 2 |  2.0
Conjurations   | 1 |  1.5
Hexes          | 1 |  1.5
Summonings     | 1 |  1.5
Necromancy     | 1 |  1.5
Translocations | 1 |  1.5
Transmutations | 1 |  1.5
Fire Magic     | 1 |  1.5
Ice Magic      | 1 |  1.5
Air Magic      | 1 |  1.5
Earth Magic    | 1 |  1.5
Poison Magic   | 1 |  1.5
Staves         | 3 |  3.2
Shields        | 3 |  3.2
Evocations     | 3 |  3.2
Fighting       | 5 |  5.0
Dodging        | |  6.8
Stealth        | |  4.6

Action                   |  1- 3 |  4- 6 || total
-------------------------+-------+-------++-------
Melee: Dagger            |   146 |     5 ||   151
       Bite              |    13 |    18 ||    31
       Short sword       |       |   197 ||   197
       Punch             |       |     3 ||     3
  Use: Potion            |       |     1 ||     1
 Stab: Sleeping          |     2 |     4 ||     6
Armor: Robe              |    13 |       ||    13
       Leather armour    |     6 |    30 ||    36
Dodge: Dodged            |   118 |   132 ||   250
